 Dungeon Crawl Stone Soup version 0.28-a0-895-g6e5f11bd55 (webtiles) character file.

Game seed: 14699164958726931384

515 mcbry74 the Cleaver (level 7, -3/57 HPs)
             Began as a Hill Orc Fighter on Nov 22, 2021.
             Was a Follower of Yredelemnul.
             Slain by a water moccasin (8 damage)
             ... on level 5 of the Dungeon.
             The game lasted 00:11:58 (3832 turns).

mcbry74 the Cleaver (Hill Orc Fighter)              Turns: 3832, Time: 00:12:00

Health: -3/57      AC:  6    Str: 21    XL:     7   Next: 20%
Magic:  10/10      EV:  9    Int:  8    God:    Yredelemnul [*.....]
Gold:   197        SH:  4    Dex: 10    Spells: 6/6 levels left

rFire   . . .      SeeInvis .   a - +0 war axe
rCold   . . .      Faith    .   c - +0 buckler
rNeg    . . .      Spirit   .   b - +0 scale mail
rPois   .          Reflect  .   (no helmet)
rElec   .          Harm     .   (no cloak)
rCorr   .          Rampage  .   (no gloves)
Will    .....                   (no boots)
Stlth   ..........              (no amulet)
HPRegen 0.19/turn               (no ring)
MPRegen 0.12/turn               (no ring)

@: no status effects
A: no striking features
a: Renounce Religion, Animate Remains


You were on level 5 of the Dungeon.
You worshipped Yredelemnul.
Yredelemnul was aware of your devotion.
You visited 1 branch of the dungeon, and saw 5 of its levels.

You collected 197 gold pieces.

Inventory:

Hand Weapons
 a - a +0 war axe (weapon)
Missiles
 m - 7 stones (quivered)
Armour
 b - a +0 scale mail (worn)
 c - a +0 buckler (worn)
 p - a +0 pair of boots
Wands
 j - a wand of charming (8)
Scrolls
 f - a scroll of holy word {unknown}
 g - a scroll of fear {unknown}
 h - a scroll of magic mapping
 l - a scroll of noise {unknown}
 n - a scroll of enchant armour {unknown}
 o - a scroll of identify
Potions
 d - 2 potions of haste {unknown}
 i - a potion of ambrosia {unknown}
 k - a potion of attraction {unknown}


   Skills:
 - Level 3.6 Fighting
 + Level 8.7 Axes
 - Level 3.2 Armour
 - Level 3.2 Shields
 + Level 4.6 Invocations


You had 6 spell levels left.
You didn't know any spells.
Your spell library contained the following spells:

 Spells                   Type           Power      Damage    Failure   Level
 Slow                     Hex            0%         N/A       78%         1
 Corpse Rot               Necr/Air       0%         N/A       89%         2
 Poisonous Vapours        Pois/Air       0%         N/A       89%         2
 Sublimation of Blood     Necr           0%         N/A       89%         2
 Wereblood                Tmut           0%         N/A       89%         2
 Confusing Touch          Hex            0%         N/A       98%         3
 Stone Arrow              Conj/Erth      0%         3d7       98%         3
 Vampiric Draining        Necr           0%         2d6       98%         3
 Animate Armour           Summ/Erth      0%         N/A       100%        4
 Summon Hydra             Summ           0%         N/A       100%        7
 Lehudib's Crystal Spear  Conj/Erth      0%         10d2      100%        8


Dungeon Overview and Level Annotations

Branches:
Dungeon (5/15)
 Temple: D:4-7

Altars:
Cheibriados
Elyvilon
Nemelex Xobeh
Okawaru
Ru
Yredelemnul


Message History

The water moccasin misses you.
You closely miss the water moccasin.
The water moccasin is heavily wounded.
You hit the phantom but do no damage. You barely miss the scorpion.
The scorpion stings you but does no damage.
The water moccasin closely misses you.
The phantom hits you but does no damage.
The scorpion stings you but does no damage.
You slash the water moccasin!
The water moccasin is severely wounded.
You hit the phantom. You hit the scorpion but do no damage.
The water moccasin barely misses you. The phantom hits you.
The scorpion stings you but does no damage.
The water moccasin bites you.
You are poisoned.
The water moccasin poisons you!
You hit the water moccasin.
The water moccasin is severely wounded.
You barely miss the phantom. You closely miss the scorpion.
You feel very sick. The phantom barely misses you.
The water moccasin bites you.
* * * LOW HITPOINT WARNING * * *
You block the scorpion's attack.
You feel better. You block the water moccasin's attack. The phantom hits you.
The phantom blinks!
You blink.
You hit the phantom.
The phantom is severely damaged.
The phantom hits you!
* * * LOW HITPOINT WARNING * * *
The phantom blinks!
You blink.
The scorpion stings you.
* * * LOW HITPOINT WARNING * * *
You slash the phantom!
You destroy the phantom!
Yredelemnul accepts your kill.
You hit the scorpion but do no damage. You closely miss the water moccasin.
The water moccasin bites you.
* * * LOW HITPOINT WARNING * * *
You block the scorpion's attack. The water moccasin bites you!
You die...
Your body rises from the dead as a mindless zombie.

.
############..
#.........(...
#ยง............
#.........[..#
#............#
#..Ss........#
#...@........#
#............#
#............#
#............#
#........?...#
#............#
######.####+##
#...#
#####.#########


You could see a water moccasin and a scorpion.

Vanquished Creatures
  A black bear (D:3)
  A sky beast (D:4)
  An ogre (D:4)
  A phantom (D:5)
  2 scorpions (D:4)
  An iguana (D:4)
  4 adders
  An ufetubus (D:5)
  An adder skeleton (D:2)
  A worm (D:2)
  2 dart slugs (D:2)
  An orc (D:3)
  5 endoplasms
  4 giant cockroaches
  6 goblins
  3 hobgoblins
  3 quokkas
  5 ball pythons
  7 bats
  3 frilled lizards
  8 kobolds
  7 rats
68 creatures vanquished.

Vanquished Creatures (collateral kills)
  An adder (D:4)
1 creature vanquished.

Vanquished Creatures (others)
  An adder zombie (D:4)
  An iguana zombie (D:4)
  2 kobold zombies (D:4)
  A scorpion zombie (D:4)
  A fungus (D:3)
6 creatures vanquished.

Grand Total: 75 creatures vanquished

Notes
Turn   | Place    | Note
-------+----------+-------------------------------------------
     0 | D:1      | mcbry74 the Hill Orc Fighter began the quest for the Orb.
     0 | D:1      | Reached XP level 1. HP: 19/19 MP: 1/1
    29 | D:1      | Reached skill level 3 in Axes
   211 | D:1      | Reached XP level 2. HP: 26/26 MP: 2/2
   568 | D:1      | Reached skill level 4 in Axes
   984 | D:2      | Reached XP level 3. HP: 26/31 MP: 3/3
  1041 | D:2      | Found a white marble altar of Elyvilon.
  1205 | D:2      | Reached skill level 5 in Axes
  1730 | D:3      | Reached XP level 4. HP: 35/39 MP: 4/4
  1967 | D:3      | Found a sacrificial altar of Ru.
  2062 | D:3      | Found a faded altar of an unknown god.
  2064 | D:3      | Noticed a black bear
  2083 | D:3      | Killed a black bear
  2084 | D:3      | Reached skill level 7 in Axes
  2084 | D:3      | Reached XP level 5. HP: 41/45 MP: 5/5
  2097 | D:3      | Prayed at the altar of an unknown god.
  2097 | D:3      | Became a worshipper of Yredelemnul the Dark
  2097 | D:3      | Reached * piety under Yredelemnul
  2350 | D:3      | Found an iron altar of Okawaru.
  2354 | D:3      | Found a snail-covered altar of Cheibriados.
  2359 | D:3      | Found a sparkling altar of Nemelex Xobeh.
  2658 | D:4      | Noticed a sky beast
  2675 | D:4      | Killed a sky beast
  2676 | D:4      | Reached XP level 6. HP: 27/51 MP: 5/7
  3184 | D:4      | Reached skill level 8 in Axes
  3605 | D:4      | Reached XP level 7. HP: 47/57 MP: 10/10
  3758 | D:5      | Entered Level 5 of the Dungeon
  3832 | D:5      | Slain by a water moccasin

Illustrated notes

Levels and vault maps discovered:
D:1:      wander_arrival_chamber, layout_basic, minmay_cut_off
D:2:      minmay_spotlight, layout_loops_cross, basic_altar
D:3:      layout_basic, minmay_overflow_temple_star_quad,
          mainiacjoe_overflow_six_doors_small, shapermc_ecumenical_altar_ellora
D:4:      layout_gridville
D:5:      layout_basic, minmay_temple_entry_proselytizer, serial_shops,
          kennysheep_mini

Skill      XL: |  1  2  3  4  5  6 |
---------------+-------------------+-----
Axes           | 3 4 5 7 8 |  8.7
Invocations    | 2 4 |  4.6
Fighting       | |  3.6
Armour         | |  3.2
Shields        | |  3.2

Action                   |  1- 3 |  4- 6 |  7- 9 || total
-------------------------+-------+-------+-------++-------
Melee: War axe           |   106 |    84 |    34 ||   224
Invok: Animate Remains   |       |     5 |     1 ||     6
  Use: Scroll            |     2 |       |       ||     2
       Potion            |       |     1 |     1 ||     2
Armor: Scale mail        |    57 |    26 |    17 ||   100
Dodge: Dodged            |    58 |    33 |    19 ||   110
Block: Buckler           |    26 |    10 |    10 ||    46

Table legend: (Time is in decaauts)
 A = Elapsed time spent in this place.
 B = Non-inter-level travel time spent in this place.
 C = Inter-level travel time spent in this place.
 D = Time resting spent in this place.
 E = Time spent auto-exploring this place.
 F = Levels seen in this place.
 G = Mean time per level.
                   A        B        C        D        E       F      G
               +--------+--------+--------+--------+--------+-----+--------+
         Total |   3878 |   3823 |     55 |    416 |   2640 |   5 |  775.6 |
       Dungeon |   3878 |   3823 |     55 |    416 |   2640 |   5 |  775.6 |
               +--------+--------+--------+--------+--------+-----+--------+

Top non-repeatable levels by time:
     D:4: 1194 daAuts
     D:3: 975 daAuts
     D:1: 858 daAuts
     D:2: 773 daAuts
     D:5: 76 daAuts
